 Dungeon Crawl Stone Soup version 0.21.1-1-g345015f (webtiles) character file.

3875 wojtek the Cleaver (level 10, -8/90 HPs)
             Began as a Minotaur Fighter on Apr 2, 2018.
             Was a Follower of Makhleb.
             Mangled by a death yak (16 damage)
             ... on level 8 of the Dungeon.
             The game lasted 00:09:16 (7290 turns).

wojtek the Cleaver (Minotaur Fighter)               Turns: 7290, Time: 00:09:17

Health: -8/90      AC:  9    Str: 23    XL:     10   Next: 0%
Magic:  12/14      EV:  7    Int:  5    God:    Makhleb [*.....]
Gold:   325        SH:  9    Dex: 11    Spells: 9/9 levels left

rFire    + . .     SeeInvis .   u - +0 broad axe
rCold    + . .     Gourm    .   c - +0 shield
rNeg     . . .     Faith    .   b - +0 scale mail
rPois    .         Spirit   .   (helmet restricted)
rElec    .         Reflect  .   q - scarf {rC+ rF+}
rCorr    .         Harm     .   (no gloves)
MR       .....                  h - +0 pair of boots
Stlth    ..........             (no amulet)
HPRegen  0.25/turn              (no ring)
MPRegen  0.14/turn              (no ring)

@: no status effects
A: retaliatory headbutt, horns 2
a: Renounce Religion


You were on level 8 of the Dungeon.
You worshipped Makhleb.
Makhleb was aware of your devotion.
You were not hungry.

You visited 1 branch of the dungeon, and saw 8 of its levels.
You also visited: Sewer.

You collected 325 gold pieces.

Inventory:

Hand Weapons
 a - a +0 war axe
 u - a +0 broad axe (weapon)
 z - a +0 hand crossbow
Missiles
 x - 14 javelins (quivered)
 D - 82 bolts
Armour
 b - a +0 scale mail (worn)
 c - a +0 shield (worn)
 h - a +0 pair of boots (worn)
 q - a scarf of resistance (worn)
Jewellery
 v - a cursed ring of loudness {unknown}
 F - an uncursed ring of protection from cold {unknown}
Wands
 l - a wand of flame (25)
Scrolls
 g - a scroll of amnesia {unknown}
 j - 6 scrolls of teleportation {unknown}
 k - 5 scrolls of magic mapping
 n - 4 scrolls of remove curse
 o - a scroll of fear {unknown}
 r - a scroll of blinking {unknown}
 t - 5 scrolls of identify
 y - a scroll of enchant armour {unknown}
 E - a scroll of fog {unknown}
Potions
 d - 4 potions of might
 e - 2 potions of cancellation {unknown}
 i - 9 potions of curing {unknown}
 m - 3 potions of degeneration {unknown}
 p - 8 potions of heal wounds {unknown}
 s - 3 potions of lignification {unknown}
 w - 3 potions of brilliance {unknown}
 A - 2 potions of mutation {unknown}
 B - 6 potions of agility {unknown}
 C - 2 potions of flight {unknown}
Books
 H - a book of Callings

   Spells                             Type                      Level
   a - Summon Small Mammal            Summoning                    1
   b - Call Imp                       Summoning                    2
   c - Call Canine Familiar           Summoning                    3
   d - Summon Guardian Golem          Hexes/Summoning              3
   e - Summon Lightning Spire         Summoning/Air                4
   f - Summon Ice Beast               Ice/Summoning                4
 J - a book of Conjurations

   Spells                             Type                      Level
   a - Magic Dart                     Conjuration                  1
   b - Searing Ray                    Conjuration                  2
   c - Dazzling Spray                 Conjuration/Hexes            3
   d - Fulminant Prism                Conjuration/Hexes            4
   e - Force Lance                    Conjuration/Translocation    4
   f - Iskenderun's Mystic Blast      Conjuration                  4
Comestibles
 f - 12 rations
 G - a chunk of flesh


   Skills:
 + Level 8.8 Fighting
 + Level 10.2 Axes
 + Level 8.8 Armour
 - Level 3.6 Shields
 * Level 6.8 Invocations


You had 9 spell levels left.
You didn't know any spells.

Dungeon Overview and Level Annotations

Branches:
Dungeon (8/15)               Lair (0/6) D:8
 Temple: D:4-7

Altars:
Dithmenos
Fedhas
Kikubaaqudgha
Makhleb
Qazlal
Ru

Shops:
D:5 (


Innate Abilities, Weirdness & Mutations

You reflexively headbutt those who attack you in melee.
You have a pair of horns on your head.


Message History

Aim: a death yak The bolt of acid hits the death yak.
The death yak is splashed with acid.
The death yak is severely wounded.
The bolt of acid hits the yak.
The yak is splashed with acid.
The acid corrodes the yak!
The yak is severely wounded.
The now-empty wand crumbles to dust.
The death yak closely misses you. You furiously retaliate!
You headbutt the death yak.
Evoke which item? (* to show all) (? for menu, Esc to quit)
You don't have any such object.
Evoke which item? (* to show all) (? for menu, Esc to quit)
Okay, then.
Evoke which item? (* to show all) (? for menu, Esc to quit)
Aiming: Throw Flame
Press: ? - help, Shift-Dir - straight line, f/p - death yak
Aim: a death yak The puff of flame hits the death yak.
The death yak is almost dead.
The death yak gores you!
You die...

#.......#######
###.......######
...###..####...
##.###..###...##
#.............#
#####..###....#
#..####.#.##
#..........########
##.###...#.@YYYY.g#
#.# #.#...######Y#
..#
#.##.###..Y...g.....
.### #.##.#
#...Y.gY....# #.
#.##.# #....Y.g.....
#
#.##.##...(.....#...
#.##.##.......>.# O.
#.##.#......#...# .
....##... ....


You could see 2 death yaks, 3 yaks and a gnoll.

Vanquished Creatures
  A death yak (D:8)
  Pikel (D:6)
  A hippogriff (D:7)
  Sigmund (D:6)
  Menkaure (D:7)
  An acid dragon (D:7)
  An orc warrior (D:8)
  3 sky beasts
  An ogre (D:2)
  5 centaurs
  A big kobold (Sewer)
  A wyvern zombie (D:7)
  2 scorpions
  A vampire bat (D:4)
  3 crimson imps
  2 hounds (D:6)
  4 bullfrog skeletons
  4 orc priests
  3 jellies
  Jessica (D:3)
  2 iguanas
  2 worker ants
  4 orc wizards
  A gnoll (D:1)
  9 adders
  6 river rats (Sewer)
  A shadow imp (D:4)
  4 worms
  A dart slug (D:1)
  3 fire bats (D:4)
  9 leopard geckos
  22 orcs
  2 spectral bats (D:4)
  19 bats
  3 bat skeletons (D:4)
  A bat zombie (D:4)
  18 giant cockroaches
  15 goblins
  5 hobgoblins
  15 jackals
  21 kobolds
  3 quokkas
  5 ball pythons (Sewer)
  A bat simulacrum (D:4)
  7 frilled lizards
  A quokka skeleton (D:4)
  25 rats
243 creatures vanquished.

Notes
Turn   | Place    | Note
-------+----------+-------------------------------------------
     0 | D:1      | wojtek the Minotaur Fighter began the quest for the Orb.
     0 | D:1      | Reached XP level 1. HP: 19/19 MP: 0/0
   116 | D:1      | Reached skill level 3 in Axes
   172 | D:1      | Reached XP level 2. HP: 25/26 MP: 1/1
   173 | D:1      | Reached skill level 4 in Axes
   263 | D:1      | Reached XP level 3. HP: 31/31 MP: 2/2
   693 | D:2      | Noticed an ogre
   700 | D:2      | Killed an ogre
   700 | D:2      | Reached skill level 6 in Axes
   700 | D:2      | Reached XP level 4. HP: 15/39 MP: 3/3
  1256 | D:2      | Reached XP level 5. HP: 45/45 MP: 4/4
  1475 | D:3      | Found a shadowy altar of Dithmenos.
  1481 | D:3      | Found a blossoming altar of Fedhas.
  1484 | D:3      | Found an ancient bone altar of Kikubaaqudgha.
  1904 | D:3      | Noticed Jessica
  1913 | D:3      | Killed Jessica
  2308 | D:4      | Reached XP level 6. HP: 52/53 MP: 5/5
  2367 | D:4      | Found a glowing drain.
  2380 | Sewer    | Entered a sewer
  2530 | Sewer    | Reached skill level 7 in Axes
  2669 | Sewer    | Reached skill level 5 in Fighting
  2669 | Sewer    | Reached skill level 5 in Armour
  3013 | D:4      | Reached XP level 7. HP: 51/61 MP: 6/6
  3599 | D:5      | Entered Level 5 of the Dungeon
  3638 | D:5      | Reached skill level 8 in Axes
  4068 | D:5      | Found a burning altar of Makhleb.
  4081 | D:5      | Became a worshipper of Makhleb the Destroyer
  4098 | D:5      | Reached XP level 8. HP: 42/71 MP: 7/7
  4200 | D:5      | Found Ycruachi's Antique Weapon Emporium.
  4250 | D:5      | Reached skill level 1 in Invocations
  5010 | D:5      | Reached * piety under Makhleb
  5257 | D:6      | Noticed Pikel
  5268 | D:6      | Killed Pikel
  5268 | D:6      | Reached skill level 9 in Axes
  5469 | D:6      | Reached XP level 9. HP: 72/79 MP: 11/11
  5662 | D:6      | Found a sacrificial altar of Ru.
  5825 | D:6      | Noticed Sigmund
  5833 | D:6      | Killed Sigmund
  5849 | D:6      | Found a stormy altar of Qazlal.
  6017 | D:7      | Reached skill level 5 in Invocations
  6903 | D:7      | Noticed Menkaure
  6915 | D:7      | Killed Menkaure
  7274 | D:8      | Noticed a death yak
  7275 | D:8      | Found a staircase to the Lair.
  7275 | D:8      | Noticed a death yak
  7276 | D:8      | Noticed a death yak
  7279 | D:8      | Noticed a two-headed ogre
  7287 | D:8      | Killed a death yak
  7287 | D:8      | Reached skill level 10 in Axes
  7287 | D:8      | Reached XP level 10. HP: 33/90 MP: 12/14
  7290 | D:8      | Mangled by a death yak

Skill      XL: |  1  2  3  4  5  6  7  8  9 |
---------------+----------------------------+-----
Axes           | 3 4 6 7 8 9 10 | 10.2
Fighting       | 4 5 6 7 8 |  8.8
Armour         | 4 5 6 7 8 |  8.8
Invocations    | 4 6 |  6.8
Shields        | |  3.6

Action                   |  1- 3 |  4- 6 |  7- 9 | 10-12 || total
-------------------------+-------+-------+-------+-------++-------
Melee: War axe           |    40 |    54 |       |       ||    94
       Headbutt          |     7 |    33 |    57 |       ||    97
       Broad axe         |       |   188 |   248 |       ||   436
Evoke: Wand              |       |       |     3 |     3 ||     6
  Use: Scroll            |       |     5 |       |       ||     5
  Eat: Chunk             |       |     7 |    11 |       ||    18
       Ration            |       |       |     1 |       ||     1
Armor: Scale mail        |    25 |   136 |   114 |       ||   275
Dodge: Dodged            |    11 |    86 |    70 |     1 ||   168
Block: Shield            |    20 |   159 |   124 |       ||   303
